NWL (28 & UNDER)
RED DEER WRANGLERS @ CULVER CITY EXTRAS
06/02/2029
 
TOP OF THE 1ST
Red Deer Wranglers batting - Pitching for Culver City Extras : RHP Luis Vargas
Pitching: RHP Luis Vargas
Batting: RHB Julián García 0-0: Called Strike
0-1: SINGLE (Groundball, 5D)
Batting: SHB Robbie Rhodes 0-0: Ball
1-0: Foul Ball, location: 2F
1-1: Called Strike
1-2: Fly out, F9 (Flyball, 9)
Batting: LHB Edgar López 0-0: Called Strike
0-1: Ball
1-1: Ground out U3 (Groundball, 3S)
Julián García to second
Batting: RHB Xavier López 0-0: Called Strike
0-1: Called Strike
0-2: Strikes out swinging
Top of the 1st over - 0 runs, 1 hit, 0 errors, 1 left on base; Red Deer 0 - Culver City 0
BOTTOM OF THE 1ST
Culver City Extras batting - Pitching for Red Deer Wranglers : RHP José Fernández
Pitching: RHP José Fernández
Batting: RHB Horace Johnson 0-0: Foul Ball, location: 2F
0-1: SINGLE (Groundball, 34D)
Batting: RHB Jamie Swyers 0-0: Called Strike
0-1: Ground out 5-3 (Groundball, 5S)
Horace Johnson to second
Batting: LHB Randy Wiggins 0-0: Ball
1-0: Ball
Throwing error on steal attempt, E2
Horace Johnson scores
2-0: Ball
3-0: Base on Balls
Batting: LHB Tony Smith 0-0: Ball
1-0: Foul Ball, location: 2F
1-1: Foul Ball, location: 2F
1-2: Foul Ball, location: 2F
1-2: Ball
2-2: Ball
Randy Wiggins steals 2nd base
3-2: Ground out U3 (Groundball, 3)
Randy Wiggins to third
Batting: SHB Joey Boyd 0-0: Swinging Strike
0-1: Ball
1-1: Foul Ball, location: 2F
1-2: Foul Ball, location: 2F
1-2: Strikes out swinging
Bottom of the 1st over - 1 run, 1 hit, 1 error, 1 left on base; Red Deer 0 - Culver City 1
TOP OF THE 2ND
Red Deer Wranglers batting - Pitching for Culver City Extras : RHP Luis Vargas
Batting: RHB Pedro Cabrera 0-0: Called Strike
0-1: Ball
1-1: Foul Ball, location: 2F
1-2: Ground out U3 (Groundball, 3)
Batting: RHB Joe Lewis 0-0: Swinging Strike
0-1: Foul Ball, location: 2F
0-2: Ball
1-2: Strikes out swinging
Batting: LHB Francisco Blanco 0-0: Ball
1-0: Foul Ball, location: 2F
1-1: SINGLE (Groundball, 56D)
Batting: RHB Ismael Ortíz 0-0: Ball
Francisco Blanco steals 2nd base
1-0: Foul Ball, location: 2F
1-1: Called Strike
1-2: Ball
2-2: Strikes out looking
Top of the 2nd over - 0 runs, 1 hit, 0 errors, 1 left on base; Red Deer 0 - Culver City 1
BOTTOM OF THE 2ND
Culver City Extras batting - Pitching for Red Deer Wranglers : RHP José Fernández
Batting: LHB Richard Bell 0-0: SINGLE (Groundball, 5D)
Batting: RHB Dave Anderson 0-0: Ball
1-0: Fly out, F7 (Line Drive, 7)
Batting: RHB Mitchell Darragh 0-0: Called Strike
0-1: Ball
1-1: Swinging Strike
1-2: Ball
2-2: Ball
3-2: Fly out, F6 (Line Drive, 6)
Batting: RHB Robert Koremans 0-0: Called Strike
0-1: Foul Ball, location: 2F
0-2: Ball
1-2: Foul Ball, location: 2F
1-2: Ball
2-2: SINGLE (Line Drive, 6MD)
Richard Bell to second
Batting: RHB Horace Johnson 0-0: Foul Ball, location: 2F
0-1: Ball
1-1: Swinging Strike
1-2: Foul Ball, location: 2F
1-2: Ground out U3 (Groundball, 3L)
Bottom of the 2nd over - 0 runs, 2 hits, 0 errors, 2 left on base; Red Deer 0 - Culver City 1
TOP OF THE 3RD
Red Deer Wranglers batting - Pitching for Culver City Extras : RHP Luis Vargas
Batting: LHB Héctor Santos 0-0: Ball
1-0: Ball
2-0: Foul Ball, location: 2F
2-1: Ball
3-1: Swinging Strike
3-2: Strikes out swinging
Batting: RHB Julián García 0-0: Ball
1-0: Swinging Strike
1-1: Swinging Strike
1-2: Foul Ball, location: 2F
1-2: Ball
2-2: Ball
3-2: Strikes out looking
Batting: SHB Robbie Rhodes 0-0: Ground out 4-3 (Groundball, 4)
Top of the 3rd over - 0 runs, 0 hits, 0 errors, 0 left on base; Red Deer 0 - Culver City 1
BOTTOM OF THE 3RD
Culver City Extras batting - Pitching for Red Deer Wranglers : RHP José Fernández
Batting: RHB Jamie Swyers 0-0: Ball
1-0: Foul Ball, location: 2F
1-1: Called Strike
1-2: SINGLE (Groundball, 4) (infield hit)
Batting: LHB Randy Wiggins 0-0: Called Strike
0-1: Ball
1-1: Fly out, F7 (Flyball, 7S)
Batting: LHB Tony Smith 0-0: Ball
1-0: Ball
2-0: Foul Ball, location: 2F
2-1: Ball
3-1: Base on Balls
Jamie Swyers to second
Batting: SHB Joey Boyd 0-0: Ball
1-0: Swinging Strike
1-1: Fly out, F8 (Flyball, 8LD)
Pitching: RHP Jeffery Lockhart
Batting: LHB Richard Bell 0-0: Ball
1-0: Called Strike
1-1: Ball
2-1: Ball
3-1: Called Strike
3-2: Foul Ball, location: 2F
3-2: Base on Balls
Jamie Swyers to third
Tony Smith to second
Batting: RHB Dave Anderson 0-0: Swinging Strike
0-1: Swinging Strike
0-2: Ball
1-2: Ball
2-2: Ball
3-2: SINGLE (Line Drive, 56D)
Jamie Swyers scores
Tony Smith to third
Richard Bell to second
Tony Smith scores
Richard Bell to third
Batting: RHB Mitchell Darragh 0-0: Ball
1-0: Ground out 5-3 (Groundball, 56S)
Bottom of the 3rd over - 2 runs, 2 hits, 0 errors, 2 left on base; Red Deer 0 - Culver City 3
TOP OF THE 4TH
Red Deer Wranglers batting - Pitching for Culver City Extras : RHP Luis Vargas
Batting: LHB Edgar López 0-0: SINGLE (Groundball, 4MD)
Batting: RHB Xavier López 0-0: Ball
1-0: Ball
2-0: Called Strike
2-1: Ball
3-1: Base on Balls
Edgar López to second
Batting: RHB Pedro Cabrera 0-0: Ball
1-0: Grounds into double play, 6-4-3 (Groundball, 6)
Edgar López to third
Batting: RHB Joe Lewis 0-0: Foul Ball, location: 2F
0-1: Swinging Strike
0-2: Ball
1-2: Strikes out looking
Top of the 4th over - 0 runs, 1 hit, 0 errors, 1 left on base; Red Deer 0 - Culver City 3
BOTTOM OF THE 4TH
Culver City Extras batting - Pitching for Red Deer Wranglers : RHP Jeffery Lockhart
Batting: RHB Robert Koremans 0-0: Called Strike
0-1: Ball
1-1: Ground out 5-3 (Groundball, 5S)
Batting: RHB Horace Johnson 0-0: Ball
1-0: Ball
2-0: Ball
3-0: Base on Balls
Batting: RHB Jamie Swyers 0-0: Ball
1-0: SINGLE (Flyball, 8LS)
Horace Johnson to second
Runner from 2nd tries for 3rd, SAFE, no throw
Batting: LHB Randy Wiggins 0-0: Ball
1-0: Ball
2-0: Ball
3-0: Base on Balls
Jamie Swyers to second
Batting: LHB Tony Smith 0-0: Called Strike
0-1: Called Strike
0-2: Ball
1-2: Ball
2-2: Ball
3-2: Foul Ball, location: 2F
3-2: Strikes out swinging
Batting: SHB Joey Boyd 0-0: Called Strike
0-1: Foul Ball, location: 2F
0-2: Ball
1-2: Ball
2-2: Strikes out swinging
Bottom of the 4th over - 0 runs, 1 hit, 0 errors, 3 left on base; Red Deer 0 - Culver City 3
TOP OF THE 5TH
Red Deer Wranglers batting - Pitching for Culver City Extras : RHP Luis Vargas
Batting: LHB Francisco Blanco 0-0: Called Strike
0-1: Ball
1-1: Foul Ball, location: 2F
1-2: Ball
2-2: Ball
3-2: Reached on error, E4 (Groundball, 34)
Batting: RHB Ismael Ortíz 0-0: Called Strike
Francisco Blanco is caught stealing 2nd base
0-1: Ball
1-1: Ball
2-1: Called Strike
2-2: Fly out, F8 (Flyball, 8RD)
Batting: LHB Héctor Santos 0-0: Called Strike
0-1: Ball
1-1: Ball
2-1: Foul Ball, location: 2F
2-2: Strikes out swinging
Top of the 5th over - 0 runs, 0 hits, 1 error, 0 left on base; Red Deer 0 - Culver City 3
BOTTOM OF THE 5TH
Culver City Extras batting - Pitching for Red Deer Wranglers : RHP Jeffery Lockhart
Batting: LHB Richard Bell 0-0: Ball
1-0: Ground out 6-3 (Groundball, 6)
Pitching: RHP Melvin Hicks
Batting: RHB Dave Anderson 0-0: Foul Ball, location: 2F
0-1: Swinging Strike
0-2: Foul Ball, location: 2F
0-2: Strikes out swinging
Batting: RHB Mitchell Darragh 0-0: Called Strike
0-1: Ball
1-1: Foul Ball, location: 2F
1-2: Foul Ball, location: 2F
1-2: Ball
2-2: Ground out 4-3 (Groundball, 4)
Bottom of the 5th over - 0 runs, 0 hits, 0 errors, 0 left on base; Red Deer 0 - Culver City 3
TOP OF THE 6TH
Red Deer Wranglers batting - Pitching for Culver City Extras : RHP Luis Vargas
Batting: RHB Julián García 0-0: Ball
1-0: Called Strike
1-1: Ball
2-1: Foul Ball, location: 2F
2-2: Ground out 6-3 (Groundball, 6S)
Batting: SHB Robbie Rhodes 0-0: Ground out 5-3 (Groundball, 5L)
Batting: LHB Edgar López 0-0: Called Strike
0-1: Ball
1-1: Ball
2-1: SINGLE (Groundball, 34D)
Batting: RHB Xavier López 0-0: Ball
1-0: Foul Ball, location: 2F
1-1: Foul Ball, location: 2F
1-2: Strikes out looking
Top of the 6th over - 0 runs, 1 hit, 0 errors, 1 left on base; Red Deer 0 - Culver City 3
BOTTOM OF THE 6TH
Culver City Extras batting - Pitching for Red Deer Wranglers : RHP Melvin Hicks
Batting: RHB Robert Koremans 0-0: Ball
1-0: Foul Ball, location: 2F
1-1: Ball
2-1: Swinging Strike
2-2: Foul Ball, location: 2F
2-2: Strikes out swinging
Batting: RHB Horace Johnson 0-0: Ball
1-0: Called Strike
1-1: Swinging Strike
1-2: SINGLE (Flyball, 7LS)
Batting: RHB Jamie Swyers 0-0: Ball
1-0: Called Strike
1-1: Ball
2-1: Called Strike
2-2: Strikes out looking
Batting: LHB Randy Wiggins 0-0: Called Strike
0-1: Called Strike
0-2: Ball
1-2: Ball
2-2: SINGLE (Line Drive, 78S)
Horace Johnson to second
Batting: LHB Tony Smith 0-0: Called Strike
0-1: Called Strike
0-2: SINGLE (Line Drive, 8LS)
Horace Johnson to third
Randy Wiggins to second
Runner from 3rd tries for Home, SAFE, no throw
Batting: SHB Joey Boyd 0-0: Called Strike
0-1: Ball
1-1: Foul Ball, location: 2F
1-2: Fly out, F2 (Popup, 25F)
Bottom of the 6th over - 1 run, 3 hits, 0 errors, 2 left on base; Red Deer 0 - Culver City 4
TOP OF THE 7TH
Red Deer Wranglers batting - Pitching for Culver City Extras : RHP Luis Vargas
Batting: RHB Pedro Cabrera 0-0: Called Strike
0-1: Ball
1-1: Foul Ball, location: 2F
1-2: Ground out 3-1 (Groundball, 34S)
Batting: RHB Joe Lewis 0-0: Foul Ball, location: 2F
0-1: Ball
1-1: Called Strike
1-2: Strikes out looking
Batting: LHB Francisco Blanco 0-0: Foul Ball, location: 2F
0-1: Fly out, F8 (Flyball, 8LD)
Top of the 7th over - 0 runs, 0 hits, 0 errors, 0 left on base; Red Deer 0 - Culver City 4
BOTTOM OF THE 7TH
Culver City Extras batting - Pitching for Red Deer Wranglers : RHP Melvin Hicks
Batting: LHB Richard Bell 0-0: Called Strike
0-1: Swinging Strike
0-2: DOUBLE (Line Drive, 89XD)
Batting: RHB Dave Anderson 0-0: Foul Ball, location: 2F
0-1: Swinging Strike
0-2: Foul Ball, location: 2F
0-2: Ball
1-2: Ball
2-2: Strikes out swinging
Batting: RHB Mitchell Darragh 0-0: Intentional Walk
Batting: RHB Robert Koremans 0-0: Called Strike
0-1: Ball
1-1: Ball
2-1: Called Strike
Balk!
Richard Bell to third
Mitchell Darragh to second
2-2: Foul Ball, location: 2F
2-2: Fly out, F6 (Popup, 4MD)
Batting: RHB Horace Johnson 0-0: Called Strike
0-1: Foul Ball, location: 2F
0-2: Foul Ball, location: 2F
0-2: Ball
1-2: Fly out, F7 (Flyball, 78S)
Bottom of the 7th over - 0 runs, 1 hit, 0 errors, 2 left on base; Red Deer 0 - Culver City 4
TOP OF THE 8TH
Red Deer Wranglers batting - Pitching for Culver City Extras : RHP Luis Vargas
Batting: RHB Ismael Ortíz 0-0: Ball
1-0: Ball
2-0: Ball
3-0: Called Strike
3-1: Ground out U3 (Groundball, 34S)
Batting: LHB Héctor Santos 0-0: Ball
1-0: Called Strike
1-1: Swinging Strike
1-2: Ball
2-2: Foul Ball, location: 2F
2-2: Ball
3-2: Base on Balls
Batting: RHB Julián García 0-0: Foul Ball, location: 2F
0-1: Foul Ball, location: 2F
0-2: Ball
1-2: Fly out, F8 (Flyball, 78M)
Batting: SHB Robbie Rhodes 0-0: Fielders Choice at 2nd, 5-4 (Groundball, 5L)
Top of the 8th over - 0 runs, 0 hits, 0 errors, 1 left on base; Red Deer 0 - Culver City 4
BOTTOM OF THE 8TH
Culver City Extras batting - Pitching for Red Deer Wranglers : RHP Melvin Hicks
Batting: RHB Jamie Swyers 0-0: Ball
1-0: Swinging Strike
1-1: Ball
2-1: Ball
3-1: SINGLE (Flyball, 8LM)
Pitching: RHP Pat Ferson
Batting: LHB Randy Wiggins 0-0: Called Strike
Jamie Swyers steals 2nd base
0-1: Called Strike
0-2: Ball
1-2: Ball
2-2: Ball
3-2: SINGLE (Groundball, 34D)
Jamie Swyers to third
Runner from 3rd tries for Home, throw and OUT!
Randy Wiggins to second
Batting: LHB Tony Smith 0-0: Intentional Walk
Batting: SHB Joey Boyd 0-0: Foul Ball, location: 2F
0-1: Fielders Choice at 2nd, 5-4 (Groundball, 5)
Randy Wiggins to third
Batting: LHB Richard Bell 0-0: Called Strike
0-1: Single, Error in OF, E7, batter to second base
Randy Wiggins scores
Joey Boyd to third
Batting: RHB Dave Anderson 0-0: Ball
1-0: Ball
2-0: Called Strike
2-1: SINGLE (Line Drive, 34D)
Joey Boyd scores
Richard Bell to third
Runner from 3rd tries for Home, throw and OUT!
Bottom of the 8th over - 2 runs, 4 hits, 1 error, 1 left on base; Red Deer 0 - Culver City 6
TOP OF THE 9TH
Red Deer Wranglers batting - Pitching for Culver City Extras : RHP Luis Vargas
Batting: LHB Edgar López 0-0: Ground out U3 (Groundball, 3)
Batting: RHB Xavier López 0-0: Called Strike
0-1: Ball
1-1: DOUBLE (Line Drive, 7LM)
Pitching: LHP Alonso Álvarez
Batting: RHB Pedro Cabrera 0-0: Foul Ball, location: 2F
0-1: SINGLE (Line Drive, 6M)
Xavier López to third
Batting: RHB Joe Lewis 0-0: Called Strike
0-1: Grounds into double play, 6-4-3 (Groundball, 6)
Top of the 9th over - 0 runs, 2 hits, 0 errors, 1 left on base; Red Deer 0 - Culver City 6
Saturday, December 16th, 2017 - OOTP Baseball 18.8 Build 76